 Dungeon Crawl Stone Soup version 0.29.1-12-g30fa7ad0bf (webtiles) character file.

Game seed: 17981399225728460259

103 warriortoast the Conjurer (level 4, 8/33 HPs)
             Began as a Draconian Conjurer on Dec 12, 2022.
             Quit the game on level 2 of the Dungeon.
             The game lasted 00:03:13 (2813 turns).

warriortoast the Conjurer (Draconian Conjurer)      Turns: 2813, Time: 00:03:13

Health: 8/33       AC:  6    Str:  9    XL:     4   Next: 51%
Magic:  8/8        EV: 12    Int: 21    God:
Gold:   104        SH:  0    Dex:  9    Spells: 2/8 levels left

rFire   . . .      SeeInvis .   c - +0 short sword
rCold   . . .      Faith    .   (no shield)
rNeg    . . .      Spirit   .   (body armour unavailable)
rPois   .          Reflect  .   (helmet restricted)
rElec   .          Harm     .   (no cloak)
rCorr   .          Rampage  .   m - +0 pair of gloves
Will    .....                   (no boots)
Stlth   ++........              (no amulet)
HPRegen 0.11/turn               (no ring)
MPRegen 0.11/turn               (no ring)

@: no status effects
A: AC +5, unfitting armour, cold-blooded
a: no special abilities


You were on level 2 of the Dungeon.
You visited 1 branch of the dungeon, and saw 3 of its levels.

You collected 104 gold pieces.

Inventory:

Hand Weapons
 c - a +0 short sword (weapon)
Armour
 e - a +0 buckler
 m - a +0 pair of gloves (worn)
Jewellery
 i - a ring of fire
Scrolls
 h - a scroll of blinking {unknown}
 j - a scroll of identify {unknown}
 k - a scroll of magic mapping {unknown}
 n - a scroll of teleportation {unknown}
Potions
 a - a potion of magic
 b - 2 potions of might {unknown}
 d - 2 potions of heal wounds {unknown}
 f - 4 potions of curing {unknown}
 g - a potion of brilliance {unknown}
 l - a potion of resistance {unknown}


   Skills:
 + Level 2.5 Dodging
 + Level 2.7 Stealth
 + Level 2.8 Spellcasting
 + Level 4.5 Conjurations
 + Level 0.1 Hexes


You had 2 spell levels left.
You knew the following spells:

 Your Spells              Type           Power      Damage    Failure   Level
a - Magic Dart            Conj           88%        1d7       1%          1
b - Searing Ray           Conj           44%        2d6       3%          2
c - Dazzling Flash        Conj/Hex       24%        N/A       16%         3

Your spell library contained the following spells:

 Spells                   Type           Power      Damage    Failure   Level
 Fulminant Prism          Conj/Hex       6%         3d7       45%         4
 Iskenderun's Mystic Bla  Conj/Tloc      12%        2d5       47%         4


Dungeon Overview and Level Annotations

Branches:
Dungeon (3/15)

Altars:


Innate Abilities, Weirdness & Mutations

Your plain brown scales are hard. (AC +5)
You cannot fit into any form of body armour.
You are cold-blooded and may be slowed by cold attacks.


Message History

Found a stone staircase leading up.
Done exploring.
Done exploring.
Done exploring.
There is an escape hatch in the floor here.
You slide downwards.
The hatch slams shut behind you.
Found a stone staircase leading up.
The black bear growls angrily.
Found a leather armour.
The black bear closely misses you.
The black bear claws you but does no damage.
The black bear barely misses you.
The black bear attacks as you move away!
The black bear closely misses you. x2
The black bear claws you but does no damage.
The kobold hits you with a +0 short sword.
There is a stone staircase leading up here.
The kobold barely misses you. The black bear bites you.
The black bear claws you but does no damage. x2
You climb upwards.
There is a stone staircase leading down here.
The black bear barely misses you.
The black bear claws you but does no damage.
The black bear closely misses you.
The black bear barely misses you. x2; The black bear claws you.
The kobold hits you with a +0 short sword.
The black bear attacks as you move away!
The black bear bites you.
The black bear claws you but does no damage. x2
The kobold hits you but does no damage.
There is a stone staircase leading down here.
The kobold attacks as you move away! The kobold hits you but does no damage.
The black bear attacks as you move away!
The black bear bites you. The black bear misses you.
The black bear claws you but does no damage.
The black bear attacks as you move away!
The black bear barely misses you.
The black bear claws you but does no damage.
The black bear claws you.
* * * LOW HITPOINT WARNING * * *
Are you sure you want to abandon this character and quit the game? (Confirm with "yes".)

..#.##.###....................###
###.##........>#######...#.####..
...........###.# #####.....#.....
####.####### #.###....<..(##.##.#
..##.## ##........###....##.#
#.##..# #..............####.#
..###.# ####.#...#####.....###.#
.## #.####(.....#.# #.###.....#
.# #......#...)@h## #.# ####..#
.# ##.......####K.####.## #... .#
#.......# #........># #.## .#
###.....### #.....>...# ###.#
.###.......# #.........###...#
...#.##.)..# #.............###
...#.##....# #.........#####
...รท.##..).## #.........#
...###......# #.........#


You could see a black bear and a kobold.

Vanquished Creatures
  Jessica (D:2)
  An adder (D:2)
  2 worms (D:2)
  2 dart slugs (D:2)
  6 endoplasms
  2 giant cockroaches (D:2)
  4 goblins
  7 hobgoblins
  8 jackals
  A quokka (D:2)
  4 ball pythons
  4 bats
  3 frilled lizards
  5 kobolds
  5 rats (D:1)
55 creatures vanquished.

Notes
Turn   | Place    | Note
-------+----------+-------------------------------------------
     0 | D:1      | warriortoast the Draconian Conjurer began the quest for the
                  | Orb.
     0 | D:1      | Reached XP level 1. HP: 14/14 MP: 3/3
   283 | D:1      | Reached XP level 2. HP: 20/20 MP: 1/5
  1286 | D:1      | Reached XP level 3. HP: 26/26 MP: 3/6
  1915 | D:2      | Found a faded altar of an unknown god.
  2193 | D:2      | Noticed Jessica
  2196 | D:2      | Killed Jessica
  2197 | D:2      | Reached XP level 4. HP: 33/33 MP: 3/8
  2390 | D:2      | Learned a level 2 spell: Searing Ray
  2394 | D:2      | Learned a level 3 spell: Dazzling Flash
  2795 | D:3      | Noticed a black bear
  2813 | D:2      | Quit the game

Illustrated notes

Levels and vault maps discovered:
D:1:      mushboom_english_gardens, layout_loops_cross, hangedman_decor_points,
          kennysheep_minor_cross
D:2:      layout_rooms, hellmonk_ecumenical_altar_crossroads, uniq_jessica
D:3:      layout_rooms

Skill      XL: |  1 |
---------------+----+-----
Stealth        | 2 |  2.7
Dodging        | 2 |  2.5
Spellcasting   | |  2.8
Conjurations   | |  4.5
Hexes          | |  0.1

Action                   |  1- 3 |  4- 6 || total
-------------------------+-------+-------++-------
Melee: Unarmed           |     4 |       ||     4
       Tailslap          |     3 |       ||     3
       Short sword       |    26 |       ||    26
       Punch             |     1 |       ||     1
 Cast: Magic Dart        |    90 |    33 ||   123
Armor: Skin              |    15 |    15 ||    30
Dodge: Dodged            |    34 |    12 ||    46
